 Dungeon Crawl Stone Soup version 0.29.1-12-g30fa7ad0bf (webtiles) character file.

Game seed: 4117042167131275667

1841 javelincjr the Magician (level 9, -5/60 HPs)
             Began as a Djinni Conjurer on Dec 15, 2022.
             Slain by an ice beast (7 damage)
             ... on level 7 of the Dungeon on Dec 16, 2022.
             The game lasted 00:44:01 (6182 turns).

javelincjr the Magician (Djinni Conjurer)           Turns: 6182, Time: 00:44:02

Health: -5/60      AC:  4    Str:  8    XL:     9   Next: 33%
Gold:   424        EV: 13    Int: 23    God:
                   SH:  0    Dex: 11

rFire   + + .      SeeInvis +   x - +3 short sword (distort)
rCold   x . .      Faith    .   (no shield)
rNeg    . . .      Spirit   .   a - +1 robe
rPois   ∞          Reflect  .   (no helmet)
rElec   .          Harm     .   J - +0 cloak
rCorr   .          Rampage  .   (no gloves)
Will    .....                   (boots unavailable)
Stlth   +++.......              A - amulet of regeneration
HPRegen 1.80/turn               F - ring of see invisible
MPRegen 0.00/turn               (no ring)

@: flying
A: sickness immunity, fire resistance 2, cold vulnerability 1, float, innate
caster, HP casting, extra vitality 1, regeneration 1
a: no special abilities


You were on level 7 of the Dungeon.
You visited 2 branches of the dungeon, and saw 8 of its levels.
You also visited: Sewer.

You collected 424 gold pieces.

Inventory:

Hand Weapons
 b - a +1 dagger of speed
 c - a +0 whip of venom
 h - a +0 short sword of electrocution
 j - a +1 short sword of chaos
 n - a +1 dagger of venom
 u - a +1 rapier of draining
 x - a +3 short sword of distortion (weapon)
 y - a +2 dagger of electrocution
Missiles
 d - 55 stones (quivered)
 i - 20 poisoned darts
 k - 4 boomerangs
 m - 6 javelins
 v - 6 silver javelins
 I - a throwing net
Armour
 a - a +1 robe (worn)
 J - a +0 cloak (worn)
 K - a +1 leather armour of positive energy
Magical Staves
 o - a staff of fire
 B - a staff of death
 M - a staff of death
Jewellery
 A - an amulet of regeneration (around neck)
 F - a ring of see invisible (left hand)
 O - a ring of ice
Wands
 w - a wand of flame (5)
 z - a wand of polymorph (10)
 C - a wand of paralysis (18)
 N - a wand of acid (12)
Scrolls
 l - 3 scrolls of identify
 q - a scroll of fear {unknown}
 t - a scroll of magic mapping
 G - 2 scrolls of noise
 L - a scroll of silence
 P - a scroll of enchant armour
 Q - a scroll of vulnerability {unknown}
 R - a scroll of immolation {unknown}
Potions
 e - a potion of invisibility
 f - 5 potions of curing
 g - 5 potions of heal wounds
 p - 3 potions of attraction
 r - 8 potions of flight
 s - a potion of brilliance {unknown}
 D - 5 potions of haste
 E - a potion of magic {unknown}
 H - a potion of might {unknown}


   Skills:
 + Level 3.1 Fighting
 + Level 4.4 Short Blades
 + Level 1.9 Throwing
 + Level 4.8 Dodging
 + Level 4.6 Stealth
 + Level 6.2 Spellcasting


You couldn't memorise any spells.
You knew the following spells:

 Your Spells              Type           Power      Damage    Failure   Level
a - Magic Dart            Conj           100%       1d8       1%          1
b - Searing Ray           Conj           70%        2d7       1%          2
c - Dazzling Flash        Conj/Hex       70%        N/A       1%          3
d - Fulminant Prism       Conj/Hex       17%        3d11      6%          4
e - Iskenderun's Mystic   Conj/Tloc      35%        2d8       6%          4
f - Sandblast             Erth           70%        2d15      1%          1
g - Call Imp              Summ           35%        N/A       1%          2
h - Conjure Flame         Conj/Fire      35%        6-21      1%          3
i - Ignite Poison         Fire/Tmut/Pois 35%        N/A       1%          3
Your spell library was empty.

Dungeon Overview and Level Annotations

Branches:
Dungeon (7/15)             Temple (1/1) D:6           Sewer (visited)

Altars:
Ashenzari
Cheibriados
Dithmenos
Elyvilon
Gozag
Hepliaklqana
Makhleb
Nemelex Xobeh
Okawaru
Ru
Trog
Xom
Yredelemnul
Zin
The Shining One

Shops:
D:3 (


Innate Abilities, Weirdness & Mutations

You are immune to sickness and miasma.
You are immune to poison.
Your flesh is very heat resistant. (rF++)
You are vulnerable to cold. (rC-)
You float through the air rather than walking.
You learn spells naturally, not from books.
Your magical power is your life essence.
You have superior vitality. (+4 MHP)
Your natural rate of healing is unusually fast.


Message History

The orc warrior closely misses you.
The orc warrior attacks as you move away!
The orc warrior hits you with a +0 mace.
The orc warrior attacks as you move away!
The orc warrior hits you with a +0 mace!
Casting: Searing Ray (safe; 1% risk of failure)
Confirm with . or Enter, or press ? or * to list all spells.
You erupt in a blast of force!
The mystic blast hits the ice beast!
The ice beast is severely wounded.
The ice beast is knocked back by the mystic blast.
The mystic blast hits the orc warrior but does no damage.
The orc warrior is lightly wounded.
The orc warrior hits you with a +0 mace.
Casting: Iskenderun's Mystic Blast (dangerous; 6% risk of failure)
Confirm with . or Enter, or press ? or * to list all spells.
You erupt in a blast of force!
The mystic blast hits the orc warrior!
The orc warrior is heavily wounded.
The orc warrior is knocked back by the mystic blast.
Casting: Iskenderun's Mystic Blast (dangerous; 6% risk of failure)
Confirm with . or Enter, or press ? or * to list all spells.
The fire begins to smoulder!
The ice beast attacks as you move away! The ice beast hits you.
The ice beast freezes you!!
You feel a terrible chill!
* * * LOW HITPOINT WARNING * * *
The ice beast smothers the flame.
Casting: Conjure Flame (safe; 1% risk of failure)
Confirm with . or Enter, or press ? or * to list all spells.
Okay, then.
Casting: Conjure Flame (safe; 1% risk of failure)
Confirm with . or Enter, or press ? or * to list all spells.
You erupt in a blast of force!
The mystic blast hits the orc warrior.
The orc warrior is heavily wounded.
The orc warrior is knocked back by the mystic blast.
The mystic blast hits the ice beast.
The ice beast is severely wounded.
* * * LOW HITPOINT WARNING * * *
The ice beast hits you.
* * * LOW HITPOINT WARNING * * *
The ice beast freezes you!
You feel a terrible chill!
You die...

#.?...# #.#...#
##.⌠.⌠.# ..._..#
..###⌠.⌠.# #
........#
#.#.#.####...######
.......@Y..o....).#
......######.#.##.#
.............#.##.#
.............#.##..
.............#)###.)
..#..#.#.<...#.. ...
. ...........###
#### ....##......#
....#.......#


You could see an orc warrior and an ice beast.

Vanquished Creatures
  A water moccasin (D:6)
  A sky beast (D:4)
  A black bear (D:6)
  2 ogres
  The ghost of FrankDuskstone the Slasher, an amateur HuBe of Trog (D:3)
  2 centaurs
  A phantom (D:5)
  2 bullfrogs (D:6)
  2 scorpions
  3 hounds
  An orc priest (D:6)
  2 gnoll boudas
  A jelly (D:6)
  An iguana (D:6)
  2 orc wizards (D:5)
  12 gnolls
  11 adders
  5 river rats
  An ufetubus (D:5)
  2 worms
  2 dart slugs
  16 orcs
  8 endoplasms
  4 giant cockroaches
  7 goblins
  8 hobgoblins
  5 jackals
  2 quokkas
  14 ball pythons
  11 bats
  4 frilled lizards
  18 kobolds
  9 rats
162 creatures vanquished.

Vanquished Creatures (others)
  18 fulminant prisms
  A plant (D:6)
19 creatures vanquished.

Grand Total: 181 creatures vanquished

Notes
Turn   | Place    | Note
-------+----------+-------------------------------------------
     0 | D:1      | javelincjr the Djinni Conjurer began the quest for the Orb.
     0 | D:1      | javelincjr set off with the following spells memorised:
                  | Magic Dart, Searing Ray, Dazzling Flash, Fulminant Prism,
                  | Iskenderun's Mystic Blast.
     0 | D:1      | Reached XP level 1. HP: 15/15 MP: 0/0
   126 | D:1      | Reached XP level 2. HP: 21/21 MP: 0/0
   333 | D:1      | Reached XP level 3. HP: 9/25 MP: 0/0
   333 | D:1      | Learned a level 1 spell: Sandblast
  1404 | D:2      | Reached skill level 4 in Spellcasting
  1466 | D:2      | Reached XP level 4. HP: 23/31 MP: 0/0
  2307 | D:3      | Found a faded altar of an unknown god.
  2360 | D:3      | Found Hybil's Weapon Emporium.
  2482 | D:3      | Found a runed translucent gate.
  2482 | D:3      | Found a runed translucent gate.
  2482 | D:3      | Noticed FrankDuskstone's ghost (amateur HuBe)
  2483 | D:3      | Found a runed translucent gate.
  2483 | D:3      | Noticed a kobold brigand
  2800 | D:3      | Noticed a centaur
  2800 | D:3      | a kobold brigand changed into a centaur
  2806 | D:3      | HP: 1/31 [centaur/+1 short sword of chaos (5)]
  2808 | D:3      | Reached skill level 1 in Short Blades
  2831 | D:3      | Killed a centaur
  2832 | D:3      | Reached XP level 5. HP: 10/36 MP: 0/0
  2832 | D:3      | Learned a level 2 spell: Call Imp
  3331 | D:3      | Killed FrankDuskstone's ghost
  3332 | D:3      | Reached skill level 1 in Fighting
  3332 | D:3      | Reached XP level 6. HP: 8/42 MP: 0/0
  3852 | D:4      | Noticed a sky beast
  3862 | D:4      | Killed a sky beast
  3895 | D:4      | Reached XP level 7. HP: 37/47 MP: 0/0
  3895 | D:4      | Learned a level 3 spell: Conjure Flame
  3954 | D:4      | Found a snail-covered altar of Cheibriados.
  4024 | D:4      | Found a glowing drain.
  4043 | Sewer    | Entered a sewer
  4499 | D:4      | Gained mutation: Your natural rate of healing is unusually
                  | fast. [potion of mutation]
  4724 | D:4      | Found an opulent altar of Gozag.
  4907 | D:5      | Entered Level 5 of the Dungeon
  4941 | D:5      | Reached skill level 1 in Throwing
  4945 | D:5      | Reached skill level 5 in Spellcasting
  4945 | D:5      | Reached XP level 8. HP: 54/54 MP: 0/0
  5394 | D:6      | Reached XP level 9. HP: 33/59 MP: 0/0
  5394 | D:6      | Learned a level 3 spell: Ignite Poison
  5434 | D:6      | Reached skill level 6 in Spellcasting
  5737 | D:6      | Found a staircase to the Ecumenical Temple.
  5746 | Temple   | Entered the Ecumenical Temple
  6151 | D:7      | Found a sparkling altar of Nemelex Xobeh.
  6182 | D:7      | HP: 2/60 [ice beast (3)]
  6182 | D:7      | Slain by an ice beast

Illustrated notes

Levels and vault maps discovered:
D:1:      dpeg_arrival_round_b, layout_loops_ring, roderic_roman_lattice,
          corexii_item_surrounded_by_moat, grunt_decor_junction
D:2:      layout_rooms
D:3:      layout_basic, gammafunk_ghost_nasty_kobolds, serial_shops,
          nicolae_shop_bloodbath_and_beyond,
          hellmonk_ecumenical_altar_arch_garden, fountainhead,
          minmay_misc_feat_five
D:4:      layout_basic, nicolae_gozag_seed_capital, lemuel_tele_altar,
          portal_sewer_entry_e
D:5:      layout_rooms, st_stairs_4
D:6:      layout_cave_pools, minmay_temple_entry_butterflies, serial_bayou,
          serial_bayou_pond_e, serial_bayou_crossing, serial_bayou_shore_a,
          serial_bayou_pond_d, nrook_mini_backslash
D:7:      layout_basic, grunt_qazlal_sundering,
          nemelex_xobeh_ov_fountains_minmay, serial_shops, nicolae_diamond_shop
Temple:   nicolae_temple_two_arcs

Skill      XL: |  1  2  3  4  5  6  7  8  9 |
---------------+----------------------------+-----
Spellcasting   | 4 5 6 |  6.2
Stealth        | 2 3 4 |  4.6
Short Blades   | 1 2 4 |  4.4
Dodging        | 3 4 |  4.8
Fighting       | 1 2 3 |  3.1
Throwing       | 1 |  1.9

Action                   |  1- 3 |  4- 6 |  7- 9 || total
-------------------------+-------+-------+-------++-------
Melee: Dagger            |    88 |    35 |       ||   123
       Punch             |     1 |       |     1 ||     2
       Short sword       |       |    11 |    92 ||   103
Throw: Javelin           |       |     6 |       ||     6
       Stone             |       |     1 |    17 ||    18
 Cast: Magic Dart        |    17 |    20 |    14 ||    51
       Searing Ray       |     2 |     1 |     4 ||     7
       Iskenderun's Myst |       |    11 |    12 ||    23
       Sandblast         |       |     3 |     4 ||     7
       Dazzling Flash    |       |     1 |       ||     1
       Call Imp          |       |     2 |     2 ||     4
       Fulminant Prism   |       |     3 |    15 ||    18
       Conjure Flame     |       |       |     2 ||     2
  Use: Scroll            |     2 |       |     9 ||    11
       Potion            |       |     2 |     1 ||     3
 Stab: Sleeping          |     5 |     1 |     5 ||    11
Armor: Robe              |    20 |     4 |    13 ||    37
Dodge: Dodged            |    47 |    38 |    55 ||   140
